 Dungeon Crawl Stone Soup version 0.21.1-1-g345015f (webtiles) character file.

7149 Mgcat the Fighter (level 11, -2/76 HPs)
             Began as a Gargoyle Gladiator on Feb 13, 2018.
             Was a Believer of Ru.
             Killed from afar by a fire dragon (10 damage)
             ... with a blast of flame
             ... on level 10 of the Dungeon.
             The game lasted 00:20:51 (9533 turns).

Mgcat the Fighter (Gargoyle Gladiator)              Turns: 9533, Time: 00:20:52

Health: -2/76      AC: 30    Str: 25    XL:     11   Next: 10%
Magic:  11/11      EV:  4    Int: 10    God:    Ru [**....]
Gold:   821        SH: 10    Dex: 14    Spells: 10/10 levels left

rFire    + . .     SeeInvis .   a - +2 war axe
rCold    . . .     Gourm    +   h - +2 shield {rF+}
rNeg     + . .     Faith    .   p - +9 plate armour "Olele" {Str+6 Int+2 Stlth+}
rPois    ∞         Spirit   .   c - +2 helmet
rElec    +         Reflect  .   (no cloak)
rCorr    .         Harm     .   (no gloves)
MR       .....                  (no boots)
Stlth    ..........             C - amulet of the gourmand {Gourm, !d}
HPRegen  0.22/turn              (no ring)
MPRegen  0.12/turn              (no ring)

@: very slightly contaminated
A: negative energy resistance 1, electricity resistance, unbreathing,
petrification resistance, rot immunity, no stealth, unskilled 1, AC +8
a: Renounce Religion


You were on level 10 of the Dungeon.
You worshipped Ru.
Ru was pleased with you.
You were completely stuffed.

You visited 2 branches of the dungeon, and saw 11 of its levels.

You collected 821 gold pieces.

Inventory:

Hand Weapons
 a - a +2 war axe (weapon)
Missiles
 d - 5 throwing nets (quivered) {=f, !d}
 y - 12 tomahawks
Armour
 c - a +2 helmet (worn)
 h - a +2 shield of fire resistance (worn)
   (You found it on level 6 of the Dungeon)
 p - the +9 plate armour "Olele" (worn) {Str+6 Int+2 Stlth+}
   (You found it on level 9 of the Dungeon)

   It affects your strength (+6).
   It affects your intelligence (+2).
   It makes you more stealthy.
Jewellery
 C - an amulet of the gourmand (around neck) {Gourm, !d}
   (You found it on level 5 of the Dungeon)
Wands
 b - a wand of digging (13)
   (You took it off Robin on level 3 of the Dungeon)
 e - a wand of flame (35)
   (You took it off an orc on level 9 of the Dungeon)
 t - a wand of enslavement (8)
   (You found it on level 6 of the Dungeon)
Scrolls
 j - 2 scrolls of identify
 k - 2 scrolls of magic mapping {!r}
 l - 5 scrolls of remove curse
 o - a scroll of amnesia
 r - a scroll of enchant weapon
 v - a scroll of teleportation
 x - a scroll of blinking {!r}
Potions
 m - 3 potions of mutation {!q}
 s - a potion of cancellation
 u - a potion of heal wounds {unknown}
 w - 2 potions of brilliance {unknown}
 A - a potion of haste {unknown}
 B - 2 potions of lignification {unknown}
Miscellaneous
 n - a crystal ball of energy
   (You found it on level 9 of the Dungeon)
Comestibles
 f - 17 rations
 g - 5 chunks of flesh {@w0}


   Skills:
 + Level 11.8 Fighting
 + Level 10.3 Axes
 - Level 1.5 Throwing
 - Level 2.1 Dodging


You had 10 spell levels left.
You didn't know any spells.

Dungeon Overview and Level Annotations

Branches:
Dungeon (10/15)            Temple (1/1) D:5
   Lair: D:8-11         Orc: D:9-12

Altars:
Ashenzari
Cheibriados
Dithmenos
Elyvilon
Fedhas
Gozag
Hepliaklqana
Kikubaaqudgha
Makhleb
Nemelex Xobeh
Okawaru
Qazlal
Ru
Sif Muna
Trog
Uskayaw
Vehumet
Wu Jian
Xom
Yredelemnul
Zin
The Shining One

Shops:
D:9 =

Annotations:
D:3 jazmu's ghost, amateur DsGl


Innate Abilities, Weirdness & Mutations

You are resistant to torment.
Your stone body is resilient. (AC +8)
You are immune to poison.
You resist negative energy. (rN+)
You are resistant to electric shocks. (rElec)
You can survive without breathing.
You are immune to petrification.
You are immune to rotting.
You cannot be stealthy.
You are somewhat unskilled. (-1 Apt)


Message History

As you read the scroll of remove curse, it crumbles to dust.
You feel as if something is helping you.
Put on which piece of jewellery? (? for menu, Esc to quit)
Okay, then.
Drop what? 28/52 slots (_ for help) (? for menu, Esc to quit)
Really drop
z - a ring of poison resistance {rPois, !d}?
You remove your ring of poison resistance {rPois, !d}.
You drop an uncursed ring of poison resistance {rPois, !d}.
You remove your ring of loudness {Stlth-}.
You drop an uncursed ring of loudness {Stlth-}.
You butcher the ice dragon corpse.
g - 6 chunks of flesh {@w0} You see here +0 ice dragon scales. x2
Eating one of 6 chunks of flesh {@w0}.
You eat one of the 6 chunks of flesh {@w0}.
This raw flesh tastes great.
You open the door.
A fire dragon comes into view.
The fire dragon roars deafeningly!
The fire dragon begins to attack, but is stunned by your will!
You start resting.
The fire dragon breathes flames at you. The blast of flame hits you!
You resist.
You are too injured to fight recklessly!
You are too injured to fight recklessly!
You are too injured to fight recklessly!
You are too injured to fight recklessly!
You slash the fire dragon!
The fire dragon is lightly wounded.
The fire dragon bites you but does no damage.
You block the fire dragon's attack. The fire dragon barely misses you.
You closely miss the fire dragon.
The fire dragon is lightly wounded.
The fire dragon bites you but does no damage.
The fire dragon claws you but does no damage.
The fire dragon tramples you.
You stumble backwards!
You slash the fire dragon!
The fire dragon is moderately wounded.
The fire dragon bites you but does no damage.
You block the fire dragon's attack. The fire dragon closely misses you.
You hit the fire dragon but do no damage.
The fire dragon is moderately wounded.
You block the fire dragon's attack.
The fire dragon claws you but does no damage.
The fire dragon tramples you but does no damage.
You completely miss the fire dragon.
The fire dragon is moderately wounded.
The fire dragon bites you but does no damage.
The fire dragon claws you but does no damage.
The fire dragon tramples you but does no damage.
You slash the fire dragon!
The fire dragon is moderately wounded.
The fire dragon breathes flames at you. The blast of flame hits you!
You resist.
You closely miss the fire dragon.
The fire dragon is moderately wounded.
You block the fire dragon's attack.
The fire dragon claws you but does no damage.
The fire dragon tramples you but does no damage.
You hit the fire dragon but do no damage.
The fire dragon is moderately wounded.
The fire dragon breathes flames at you. The blast of flame hits you!
You resist.
You slash the fire dragon!
The fire dragon is heavily wounded.
The fire dragon bites you. You block the fire dragon's attack.
The fire dragon tramples you but does no damage.
The fire dragon barely misses you. You block the fire dragon's attack.
The fire dragon tramples you but does no damage.
You slash the fire dragon!
The fire dragon is heavily wounded.
The fire dragon barely misses you. The fire dragon claws you.
The fire dragon tramples you.
* * * LOW HITPOINT WARNING * * *
You stumble backwards!
You hit the fire dragon but do no damage.
The fire dragon is heavily wounded.
The fire dragon bites you but does no damage.
The fire dragon claws you but does no damage.
The fire dragon barely misses you.
You slash the fire dragon!
The fire dragon is heavily wounded.
The fire dragon breathes flames at you. The blast of flame hits you!
You resist.
* * * LOW HITPOINT WARNING * * *
Unknown command.
You feel better.
The fire dragon bites you but does no damage.
You block the fire dragon's attack.
The fire dragon tramples you but does no damage.
Unknown command.
Okay, then.
Really read
x - 2 scrolls of blinking {!r}?
Blink to where?
Press: ? - help, Dir - move target cursor You are very lightly contaminated with residual magic.
As you read the scroll of blinking {!r}, it crumbles to dust.
The fire dragon breathes flames at you. The blast of flame hits you!
You resist.
You die...

# ####+# #...#
.###....#####...# ##
..#..§###..##...#
$##.#..##)...##...#
$#.#D##....###...#
$.....'.#...=.#.'...#
$.$.#.#.#....##.#.... [$
##.#.....##..#....
#@.#..[###...#....
#.......###.......##....
####+#### ####+#####....
........... ...........
#####...... #......
#...... #.....#


You could see a fire dragon.

Vanquished Creatures
  Erolcha (D:9)
  An ice dragon (D:10)
  2 two-headed ogres
  A yak (D:10)
  A wyvern (D:9)
  A hungry ghost (D:9)
  The ghost of p0werm0de the Conjurer, an amateur DsFE of Cheibriados (D:5)
  A water moccasin (D:6)
  An orc warrior (D:7)
  2 ice beasts
  An eye of draining (D:9)
  3 black bears
  A necrophage (D:7)
  4 centaurs
  5 ogres
  5 bullfrogs
  A wyvern skeleton (D:8)
  A scorpion (D:5)
  2 howler monkeys
  A bullfrog zombie (D:8)
  5 crimson imps
  2 quasits
  5 hounds
  3 orc priests
  A jelly (D:5)
  12 orc wizards
  2 centaur skeletons (D:8)
  12 worker ants
  A hound zombie (D:6)
  A howler monkey zombie (D:9)
  Robin (D:3)
  14 gnolls
  15 adders
  2 shadow imps (D:4)
  An ooze (D:4)
  An adder skeleton (D:8)
  An adder zombie (D:6)
  A worm (D:2)
  7 dart slugs
  3 leopard geckos
  24 orcs
  5 bats
  7 giant cockroaches
  11 goblins
  13 hobgoblins
  13 jackals
  6 kobolds
  9 quokkas
  10 frilled lizards
  A giant cockroach zombie (D:5)
  A quokka skeleton (D:5)
  6 rats
232 creatures vanquished.

Vanquished Creatures (others)
  A troll (D:9)
  An orc (D:7)
2 creatures vanquished.

Grand Total: 234 creatures vanquished

Notes
Turn   | Place    | Note
-------+----------+-------------------------------------------
     0 | D:1      | Mgcat the Gargoyle Gladiator began the quest for the Orb.
     0 | D:1      | Reached XP level 1. HP: 12/12 MP: 1/1
    91 | D:1      | Reached skill level 3 in Axes
    91 | D:1      | Reached XP level 2. HP: 18/18 MP: 2/2
   332 | D:1      | Reached skill level 3 in Fighting
   424 | D:1      | Reached XP level 3. HP: 17/23 MP: 3/3
   849 | D:2      | Reached XP level 4. HP: 26/28 MP: 4/4
   867 | D:2      | HP: 5/28 [worm (6)]
  1236 | D:2      | Reached skill level 4 in Fighting
  1345 | D:2      | Found a burning altar of Makhleb.
  1404 | D:2      | Reached skill level 4 in Axes
  1659 | D:3      | Reached XP level 5. HP: 31/33 MP: 5/5
  1896 | D:3      | Noticed Robin
  1915 | D:3      | Killed Robin
  2491 | D:3      | Noticed jazmu's ghost (amateur DsGl)
  2522 | D:4      | Found an opulent altar of Gozag.
  2733 | D:4      | HP: 3/34 [orc priest/divine providence (9)]
  2734 | D:4      | Reached skill level 5 in Fighting
  2734 | D:4      | Reached XP level 6. HP: 3/40 MP: 6/6
  2735 | D:4      | HP: 1/40 [orc/short sword (3)]
  3037 | D:4      | Reached skill level 5 in Axes
  3276 | D:4      | Found a sparkling altar of Nemelex Xobeh.
  3996 | D:5      | Entered Level 5 of the Dungeon
  4000 | D:5      | Reached XP level 7. HP: 45/45 MP: 7/7
  4033 | D:5      | Reached skill level 6 in Fighting
  4044 | D:5      | Noticed a rust devil
  4146 | D:5      | Noticed p0werm0de's ghost (amateur DsFE)
  4161 | D:5      | Killed p0werm0de's ghost
  4310 | D:5      | p0werm0de: https://discord.gg/Cvsqw2 XTAHUA discord channel ! join, welcome !!
  4455 | D:5      | Reached skill level 6 in Axes
  4589 | D:5      | Reached skill level 7 in Fighting
  4671 | D:5      | Reached XP level 8. HP: 48/53 MP: 8/8
  4815 | D:5      | Noticed an angel
  4863 | D:5      | Found a staircase to the Ecumenical Temple.
  4888 | Temple   | Entered the Ecumenical Temple
  4941 | Temple   | Became a worshipper of Ru the Awakened
  5428 | D:6      | Reached skill level 8 in Fighting
  5504 | D:6      | Reached skill level 7 in Axes
  5514 | D:6      | Found a radiant altar of Vehumet.
  5805 | D:6      | Reached XP level 9. HP: 41/60 MP: 9/9
  5869 | D:6      | Reached skill level 9 in Fighting
  6144 | D:6      | Reached skill level 8 in Axes
  6306 | D:7      | Gained mutation: You are somewhat unskilled. (-1 Apt) [Ru sacrifice]
  6306 | D:7      | Reduced skill Fighting to level 8
  6306 | D:7      | Reduced skill Axes to level 7
  6306 | D:7      | Reached * piety under Ru
  6306 | D:7      | Reached ** piety under Ru
  6444 | D:7      | Found a shadowy altar of Dithmenos.
  6569 | D:7      | Reached skill level 9 in Fighting
  7096 | D:7      | HP: 15/60 [ogre/giant club (21)]
  7100 | D:7      | Reached skill level 8 in Axes
  7428 | D:8      | Identified the Disquisition on Changing and Poison
  7635 | D:8      | Noticed a two-headed ogre
  7767 | D:8      | Killed a two-headed ogre
  7767 | D:8      | Reached skill level 10 in Fighting
  7767 | D:8      | Reached XP level 10. HP: 68/68 MP: 10/10
  7940 | D:8      | Found a hide-covered altar of Uskayaw.
  8213 | D:9      | Reached skill level 9 in Axes
  8321 | D:9      | Found a bloodstained altar of Trog.
  8374 | D:9      | Gained mutation: You cannot be stealthy. [Ru sacrifice]
  8617 | D:9      | Got a steaming plate armour
  8644 | D:9      | Identified the +9 plate armour "Olele" {Str+6 Int+2 Stlth+} (You found it on level 9 of the Dungeon)
  8717 | D:9      | Found a blossoming altar of Fedhas.
  8726 | D:9      | Noticed a two-headed ogre
  8748 | D:9      | Killed a two-headed ogre
  8748 | D:9      | Reached skill level 11 in Fighting
  8925 | D:9      | Found Linaimi's Jewellery Shop.
  9081 | D:9      | Noticed Erolcha
  9098 | D:9      | Killed Erolcha
  9098 | D:9      | Reached skill level 10 in Axes
  9263 | D:10     | Entered Level 10 of the Dungeon
  9348 | D:10     | Reached XP level 11. HP: 72/74 MP: 11/11
  9417 | D:10     | Noticed an ice dragon
  9427 | D:10     | Killed an ice dragon
  9512 | D:10     | Noticed a fire dragon
  9530 | D:10     | HP: 1/76 [fire dragon/blast of flame (21)]
  9533 | D:10     | Killed from afar by a fire dragon

Skill      XL: |  1  2  3  4  5  6  7  8  9 10 |
---------------+-------------------------------+-----
Axes           | 3 4 5 6 7 8 10 | 10.3
Fighting       | 3 4 5 7 8 10 11 | 11.8
Throwing       | |  1.5
Dodging        | |  2.1

Action                   |  1- 3 |  4- 6 |  7- 9 | 10-12 || total
-------------------------+-------+-------+-------+-------++-------
Melee: War axe           |    82 |   230 |   452 |   155 ||   919
Throw: Tomahawk          |       |       |     8 |     1 ||     9
       Throwing net      |       |       |     2 |     3 ||     5
Invok: Sacrifice Skill   |       |       |     1 |       ||     1
       Sacrifice Stealth |       |       |       |     1 ||     1
  Use: Potion            |       |       |     4 |     3 ||     7
       Scroll            |       |       |    23 |     4 ||    27
  Eat: Chunk             |       |    10 |    26 |    16 ||    52
Armor: Leather armour    |    41 |    48 |       |       ||    89
       Ring mail         |       |    59 |   251 |    49 ||   359
       Plate armour      |       |       |       |    39 ||    39
Dodge: Dodged            |    57 |   185 |   230 |    54 ||   526
Block: Shield            |       |       |    64 |    67 ||   131

Vault maps used:
D:1:      matt_arrival_diagonals
D:2:      wad_woods_tower, old_standard_altar, first_ration, due_unseen_surprise
D:3:      uniq_robin
D:4:      kennysheep_mini, grunt_gozag_breadcrumbs, serial_co_window_serial,
          co_window_paths_b, co_window_of_opportunity_a, co_window_corner_a,
          co_window_paths_a, co_window_paths_a, co_window_corner_a,
          co_window_of_opportunity_c, co_window_unsneaky_path_a,
          co_window_unsneaky_path_a, co_window_unsneaky_path_d,
          co_window_broadway_b, co_window_4corner_a, co_window_4corner_b,
          glass_columns_c
D:5:      temple_garden, wad_floor_pattern_untrapped
D:6:      vehumet_crystals, grunt_potential
D:7:      nicolae_overflow_crystal_walls, grunt_ogre_cave
D:8:      lemuel_doored_altar, serial_co_window_serial, co_window_paths_a,
          co_window_of_opportunity_a, co_window_cross_1, co_window_corner_a,
          co_window_corner_a, co_window_corner_a, co_window_corner_a,
          co_window_2corner, co_window_2corner, co_window_2corner,
          co_window_of_opportunity_c, glass_columns_b
D:9:      lemuel_crystal_altar, lemuel_crystal_altar, serial_shops,
          nicolae_shop_crystal, uniq_erolcha
D:10:     minmay_the_grid_3x2
Temple:   zaba_magenta_temple

Table legend:
 A = Turns spent in this place as a percentage of turns spent in the entire game.
 B = Non-inter-level travel turns spent in this place as a percentage of non-inter-level travel turns spent in the entire game.
 C = Inter-level travel turns spent in this place as a percentage of turns spent in this place.
 D = Turns resting spent in this place as a percentage of non-inter-level travel turns spent in this place.
 E = Turns spent auto-exploring this place as a percentage of non-inter-level travel turns spent in this place.
 F = Non-inter-level travel turns spent in this place divided by the number of levels of this place that you've seen.
                   A       B       C       D       E      F
               +-------+-------+-------+-------+-------+----------------------
         Total | 100.0 | 100.0 |   3.7 |   4.0 |  75.8 | 834.6
       Dungeon |  99.3 |  99.3 |   3.7 |   4.0 |  75.8 | 911.4
        Temple |   0.7 |   0.7 |   0.0 |   0.0 |  73.1 |  67.0
               +-------+-------+-------+-------+-------+----------------------

Table legend:
 A = Kills in this place as a percentage of kills in entire the game.
 B = Kills by you in this place as a percentage of kills by you in the entire game.
 C = Kills by friends in this place as a percentage of kills by friends in the entire game.
 D = Other kills in this place as a percentage of other kills in the entire game.
 E = Experience gained in this place as a percentage of experience gained in the entire game.
 F = Experience gained in this place divided by the number of levels of this place that you have seen.
                   A       B       C       D       E      F
               +-------+-------+-------+-------+-------+----------------------
         Total | 100.0 | 100.0 |   N/A | 100.0 | 100.0 | 928.5
       Dungeon | 100.0 | 100.0 |   N/A | 100.0 | 100.0 | 1021.3
               +-------+-------+-------+-------+-------+----------------------
